 Dungeon Crawl Stone Soup version 0.16.1-16-gc44b35d (webtiles) character file.

144463 billydstr the Severer (level 16, -14/226 (232) HPs)
             Began as a Minotaur Berserker on Apr 18, 2015.
             Was a High Priest of Trog.
             Demolished by a deep elf blademaster
             ... wielding a +0 rapier
              (21 damage)
             ... on level 3 of the Elven Halls on Apr 19, 2015.
             The game lasted 04:14:30 (23423 turns).

billydstr the Severer (Minotaur Berserker)         Turns: 23423, Time: 04:14:30

HP:   -14/226 (232) AC: 28    Str: 37    XL:     16   Next: 55%
MP:   11/11         EV: 14    Int:  4    God:    Trog [*****.]
Gold: 2598          SH:  0    Dex: 16    Spells: 0 memorised, 15 levels left

rFire  + . .     SeeInvis .     H - +8 battleaxe "Lubror" {chop, Noisy rN+ Str+4 Dex+5}
rCold  . . .     Clarity  .     W - +4 plate armour {rF+}
rNeg   + . .     SustAb   .     (no shield)
rPois  +         Gourm    .     (helmet restricted)
rElec  .         Spirit   .     N - +2 cloak {rPois}
rCorr  .         Warding  .     t - +0 pair of gloves
rMut   +         Stasis   .     T - +0 pair of boots
MR     +++..                    s - amulet of resist mutation
Stlth  ..........               L - ring "Xauclis" {rPois Stlth+}
                                y - +3 ring of slaying

@: berserking, regenerating, very quick, extremely resistant to hostile
enchantments, extremely unstealthy
A: retaliatory headbutt, horns 2, mutation resistance 1
a: Burn Spellbooks, Berserk, Trog's Hand, Brothers in Arms, Renounce Religion
}: 1/15 runes: decaying


You were on level 3 of the Elven Halls.
You worshipped Trog.
Trog was extremely pleased with you.
You were not hungry.

You visited 7 branches of the dungeon, and saw 34 of its levels.
You also visited: Volcano.

You collected 3700 gold pieces.
You spent 1102 gold pieces at shops.

Inventory:

Hand weapons
 g - a +4 antimagic executioner's axe
 j - a +3 great mace of flaming
 A - a +7 antimagic broad axe
 H - the +8 battleaxe "Lubror" (weapon) {chop, Noisy rN+ Str+4 Dex+5}
   (Trog gifted it to you on level 1 of the Elven Halls)

   It inflicts extra damage upon your enemies.
   It affects your strength (+4).
   It affects your dexterity (+5).
   It protects you from negative energy.
   It may make noises in combat.
 O - a +7 flail of crushing
 R - a +3 executioner's axe of flaming
 X - a +3 antimagic executioner's axe
Missiles
 k - 2 silver tomahawks (quivered)
 n - a javelin of penetration
 G - 4 steel javelins
Armour
 t - a +0 pair of gloves (worn)
 N - a +2 cloak of poison resistance (worn)
 T - a +0 pair of boots (worn)
 W - a +4 plate armour of fire resistance (worn)
Jewellery
 a - an uncursed ring of protection from magic
 s - an amulet of resist mutation (around neck)
 y - a +3 ring of slaying (left hand)
 D - an uncursed ring of positive energy
 F - an uncursed ring of positive energy
 J - an uncursed ring of sustain abilities {unknown}
 L - the ring "Xauclis" (right hand) {rPois Stlth+}
   (You found it on level 8 of the Dungeon)

   [ring of stealth]

   It protects you from poison.
   It makes you more stealthy.
 U - an uncursed ring of poison resistance
 Y - an uncursed amulet of stasis
Magical devices
 u - a wand of cold (2)
 w - a wand of digging (8)
 C - a wand of fire (11)
 Z - a wand of random effects (26)
Scrolls
 b - 6 scrolls of identify
 l - 12 scrolls of remove curse
 o - a scroll of enchant weapon
 r - 11 scrolls of teleportation
 v - a scroll of blinking
 Q - 2 scrolls of magic mapping
 V - a scroll of fear
Potions
 d - 4 potions of restore abilities
 e - a potion of cure mutation {unknown}
 f - 5 potions of curing
 m - a potion of flight
 p - a potion of ambrosia {unknown}
 q - 5 potions of agility
 x - 4 potions of resistance
 z - 2 potions of haste {unknown}
 B - 3 potions of berserk rage
 E - 3 potions of might {unknown}
Comestibles
 c - 9 bread rations
 i - 2 royal jellies
 I - 10 fruits
 K - 3 meat rations
 P - 11 beef jerkies


   Skills:
 + Level 17.4 Fighting
 + Level 18.8(19.9) Axes
 + Level 12.6(17.0) Maces & Flails
 + Level 5.5 Throwing
 + Level 16.6 Armour
 + Level 8.4 Dodging
 + Level 2.7 Stealth
 + Level 2.2 Evocations


You had 15 spell levels left.
You didn't know any spells.

Dungeon Overview and Level Annotations

Branches:
Dungeon (12/15)            Temple (1/1) D:6            Lair (8/8) D:10
  Swamp (5/5) Lair:4        Snake (1/5) Lair:5        Slime (0/6) Lair:7
    Orc (4/4) D:12            Elf (3/3) Orc:3

Altars:
Cheibriados
Dithmenos
Elyvilon
Fedhas
Gozag
Kikubaaqudgha
Makhleb
Okawaru
Sif Muna
Trog
Vehumet
Yredelemnul
The Shining One

Shops:
D:6 *   D:8 !   D:12 ([   Orc:4 %?*(   Elf:2 (   Elf:3 (

Portals:
Trove: D:10 (give 16 scrolls of teleportation)

Annotations:
Lair:8 exclusion: oklob plant


Innate Abilities, Weirdness & Mutations

You reflexively headbutt those who attack you in melee.
You have a pair of horns on your head.
You are somewhat resistant to further mutation.


Message History

* * * LOW HITPOINT WARNING * * *
The deep elf blademaster is engulfed in roaring flames.
The deep elf blademaster hits you but does no damage. x2
The deep elf master archer is engulfed in roaring flames.
You slice the deep elf blademaster!!
The deep elf blademaster is severely wounded.
The deep elf blademaster is engulfed in roaring flames.
The deep elf blademaster closely misses you.
You furiously retaliate!
You headbutt the deep elf blademaster!!
The deep elf blademaster hits you but does no damage.
You miss the deep elf blademaster.
Your battleaxe "Lubror" gives off a wolf whistle.
Your headbutt misses the deep elf blademaster.
The deep elf blademaster is almost dead.
You hear a shout!
The deep elf blademaster is engulfed in roaring flames.
The deep elf blademaster hits you with a rapier!
* * * LOW HITPOINT WARNING * * *
The deep elf blademaster hits you with a rapier!!
You die...

#.####......#.##.##...)..##
...[)(......#.....')......#
...[##......+...###.[.....#
.##[##......###.# #))....##
.##.##.)....# #.# #.....##
.##.###.....# #.# ##..)..##
###.# ##....# #.# #......#
#.# #'#### #.####......#
#.# #.# #.@eee2e...?#
#.####.######.[###e.....#
#..............# #.....##
#####.#######.## ##...##
#.# ### #e.## #.# #..#
##.## *** #..# *** * #...#
**,**#.e#**,** ######..##
**,,,*#).#*,,,**


You could see a deep elf blademaster (berserk), a deep elf master archer, 2 deep
elf annihilators, a deep elf high priest and a hellion.

Vanquished Creatures
  A bone dragon (Swamp:5)
  Nikola (Elf:3)
  Agnes (Elf:3)
  A player illusion (Elf:3)
  Aizul (Elf:1)
  Louise (Elf:2)
  3 deep elf sorcerers (Elf:3)
  2 very ugly things
  5 deep elf demonologists
  5 deep elf annihilators (Elf:3)
  Snorg (Lair:5)
  The ghost of SosiskaBagetyon the Impaler, a powerful MfGl of Ashenzari (D:12)
  3 deep elf death magi (Elf:3)
  A fire dragon (Lair:8)
  3 deep elf high priests
  Harold (Orc:3)
  11 hydras
  Nessos (Swamp:2)
  Erica (D:12)
  A centaur warrior (Orc:4)
  5 alligators
  3 death yaks (Lair:8)
  A sun demon (Elf:1)
  An orc high priest (Elf:1)
  11 deep elf knights
  4 deep elf summoners
  A death drake (Swamp:5)
  A deep troll (Elf:3)
  A swamp dragon (Swamp:2)
  3 orc knights
  2 spectral hydras (Swamp:5)
  2 cyclopes (D:12)
  A necromancer (Lair:6)
  6 deep elf conjurers
  2 orc sorcerers
  An ugly thing (Swamp:4)
  A salamander (shapeshifter) (Elf:1)
  A phantasmal warrior (Swamp:5)
  11 spiny frogs
  5 black mambas
  An eye of devastation (Lair:7)
  2 centaur zombies
  6 elephants
  Maurice (Orc:1)
  Psyche (D:8)
  A gargoyle (Volcano)
  An efreet (Volcano)
  8 komodo dragons
  8 fire drakes
  3 swamp worm zombies (Swamp:5)
  The ghost of SaintRoka the Insei, an experienced GrTm (D:4)
  2 hellwings (Elf:3)
  3 two-headed ogres
  A queen bee (shapeshifter) (Elf:3)
  3 trolls
  10 polar bears
  3 hydra zombies (Swamp:5)
  5 deep elf priests
  11 blink frogs
  Prince Ribbit (D:4)
  2 ravens (Swamp:2)
  A giant leech (Swamp:2)
  2 spectral swamp dragons (Swamp:5)
  6 slime creatures
  5 bog bodies
  2 elf zombies (Elf:1)
  A trapdoor spider zombie (D:8)
  3 raiju (Lair:8)
  A shadow (D:12)
  4 alligator zombies (Swamp:5)
  2 redbacks (Elf:1)
  2 basilisks (Lair:8)
  A spriggan (Swamp:5)
  12 deep elf magi
  23 yaks
  Eustachio (Orc:1)
  A tarantella (Elf:1)
  4 hippogriffs
  A hungry ghost (D:7)
  2 steam dragons (Lair:8)
  5 vampire mosquitoes
  3 wyverns
  A chaos spawn (Elf:1)
  2 fire elementals (Volcano)
  13 insubstantial wisps (Swamp:5)
  16 wolves
  Edmund (D:7)
  13 deep elf fighters
  Menkaure (D:4)
  5 swamp worms
  7 wargs (Lair:8)
  3 hell hounds (Lair:8)
  A mottled dragon (D:11)
  12 black bears (Lair:8)
  6 swamp drakes
  8 phantoms
  A swamp dragon zombie (Swamp:5)
  An elephant zombie (Lair:6)
  2 wasps
  An eye of draining (Lair:7)
  31 orc warriors
  7 porcupines
  13 water moccasins
  3 ice beasts
  11 ogres
  15 crocodiles
  5 sky beasts
  17 centaurs
  Sigmund (D:3)
  A boring beetle (Lair:7)
  2 big kobolds
  16 giant frogs
  A water moccasin skeleton (D:8)
  2 scorpions (D:6)
  3 killer bees (D:8)
  7 wights
  5 crimson imps
  6 electric eels
  5 giant frog zombies
  21 hounds
  A jelly (D:11)
  21 orc priests
  11 iguanas
  A centaur skeleton (D:8)
  24 orc wizards
  Natasha (thrice) (D:3)
  A quasit (D:12)
  11 hell rats
  11 sheep
  9 worker ants
  A killer bee zombie (D:9)
  Jessica (D:3)
  Terence (D:3)
  A worker ant zombie (D:9)
  A swamp drake zombie (Swamp:5)
  32 adders
  5 gnolls (D:3)
  86 river rats
  3 shadow imps
  A white imp (D:3)
  A giant mite (D:3)
  2 worms
  An adder skeleton (D:6)
  An orc zombie (Elf:1)
  4 giant geckos
  2 oozes
  136 orcs
  9 bats
  7 giant cockroaches
  20 goblins
  20 hobgoblins
  12 jackals
  20 kobolds
  10 quokkas
  6 ball pythons
  3 giant newts
  A jackal zombie (D:5)
  A quokka skeleton (D:5)
  16 rats
  7 fungi
  6 plants
1040 creatures vanquished.

Vanquished Creatures (collateral kills)
  Mara (Elf:3)
  Rupert (Lair:5)
  A deep elf sorcerer (Elf:3)
  An anaconda (Snake:1)
  3 death yaks (Lair:7)
  A swamp dragon (Swamp:2)
  2 spectral hydras (Swamp:5)
  2 phantasmal warriors (Swamp:5)
  6 elephants
  2 spiny frogs
  A hydra zombie (Swamp:5)
  2 slime creatures (D:12)
  A basilisk (Lair:4)
  11 yaks
  Grum (D:12)
  6 wolves
  A hippogriff (Lair:4)
  2 insubstantial wisps (Swamp:5)
  A water moccasin (Lair:2)
  A phantom (Swamp:5)
  2 swamp dragon zombies (Swamp:5)
  A brain worm (Lair:4)
  2 crocodiles
  A spectral swamp drake (Swamp:5)
  2 river rats (Lair:7)
  An adder (Lair:1)
  A quokka (Lair:1)
57 creatures vanquished.

Vanquished Creatures (others)
  A hydra (Swamp:2)
  An iron troll (Swamp:2)
  A deep troll (Elf:3)
  A troll (Swamp:5)
  3 two-headed ogres
  5 ogres
  A lost soul (Elf:3)
  A bush (Lair:8)
  3 fungi (Lair:8)
  6 plants
23 creatures vanquished.

Grand Total: 1120 creatures vanquished

Notes
Turn   | Place    | Note
--------------------------------------------------------------
     0 | D:1      | billydstr, the Minotaur Berserker, began the quest for the Orb.
     0 | D:1      | Reached XP level 1. HP: 19/19 MP: 1/1
   148 | D:1      | Reached XP level 2. HP: 27/27 MP: 1/1
   225 | D:1      | Reached skill level 4 in Fighting
   364 | D:1      | Acquired Trog's second power
   637 | D:2      | Reached XP level 3. HP: 33/33 MP: 2/2
   867 | D:2      | Reached XP level 4. HP: 25/41 MP: 2/2
  1125 | D:2      | Found a snail-covered altar of Cheibriados.
  1542 | D:3      | Noticed Natasha
  1554 | D:3      | Killed Natasha
  1554 | D:3      | Reached skill level 5 in Fighting
  1554 | D:3      | Reached XP level 5. HP: 32/48 MP: 2/2
  1724 | D:3      | Reached skill level 5 in Axes
  1837 | D:3      | Found a burning altar of Makhleb.
  1850 | D:3      | Noticed Sigmund
  1859 | D:3      | Killed Sigmund
  1859 | D:3      | Reached XP level 6. HP: 56/56 MP: 3/3
  1926 | D:3      | Acquired Trog's third power
  1971 | D:3      | Noticed an ogre
  1980 | D:3      | Killed an ogre
  1980 | D:3      | Reached skill level 6 in Axes
  2146 | D:3      | Noticed Natasha
  2154 | D:3      | Killed Natasha
  2175 | D:3      | Noticed Natasha
  2184 | D:3      | Killed Natasha
  2204 | D:3      | Noticed Jessica
  2212 | D:3      | Killed Jessica
  2285 | D:3      | Noticed Terence
  2306 | D:3      | Killed Terence
  2348 | D:3      | Found an opulent altar of Gozag.
  2357 | D:3      | Reached XP level 7. HP: 46/62 MP: 3/3
  2545 | D:4      | Noticed SaintRoka's ghost (experienced GrTm)
  2557 | D:4      | Killed SaintRoka's ghost
  2557 | D:4      | Reached skill level 5 in Armour
  2791 | D:4      | Noticed Menkaure
  2798 | D:4      | Killed Menkaure
  2798 | D:4      | Reached skill level 5 in Dodging
  2897 | D:4      | Noticed Prince Ribbit
  2900 | D:4      | Killed Prince Ribbit
  2900 | D:4      | Reached skill level 7 in Axes
  2900 | D:4      | Reached skill level 1 in Maces & Flails
  2900 | D:4      | Reached skill level 1 in Throwing
  2900 | D:4      | Reached XP level 8. HP: 70/70 MP: 3/3
  3110 | D:5      | Entered Level 5 of the Dungeon
  3185 | D:5      | Identified the Grimoire of Battle Magic
  3655 | D:6      | Received a gift from Trog
  3721 | D:6      | Reached XP level 9. HP: 79/79 MP: 5/5
  3766 | D:6      | Identified Sif Muna's Compendium of the Lethal Volcanoes
  3942 | D:6      | Found Ytial's Assorted Antiques.
  3949 | D:6      | Bought a scroll of identify for 50 gold pieces
  3949 | D:6      | Bought a runed opal ring for 125 gold pieces
  3984 | D:6      | Found a staircase to the Ecumenical Temple.
  3994 | Temple   | Entered the Ecumenical Temple
  4056 | D:6      | Found a radiant altar of Vehumet.
  4069 | D:6      | Reached skill level 1 in Evocations
  4177 | D:6      | Found a white marble altar of Elyvilon.
  4333 | D:7      | Found a shadowy altar of Dithmenos.
  4377 | D:7      | Noticed Edmund
  4391 | D:7      | Killed Edmund
  4391 | D:7      | Reached skill level 5 in Maces & Flails
  4766 | D:7      | Reached skill level 8 in Armour
  4797 | D:7      | Found a white marble altar of Elyvilon.
  4872 | D:7      | Reached skill level 1 in Stealth
  5195 | D:8      | Got a steaming turquoise ring
  5198 | D:8      | Identified the ring "Xauclis" {rPois Stlth+} (You found it on level 8 of the Dungeon)
  5406 | D:8      | Reached XP level 10. HP: 88/88 MP: 5/5
  5417 | D:8      | Found Gheka's Distillery.
  5424 | D:8      | Bought a potion of heal wounds for 70 gold pieces
  5424 | D:8      | Bought a potion of curing for 42 gold pieces
  5498 | D:8      | Noticed Psyche
  5506 | D:8      | Killed Psyche
  5713 | D:9      | Found a shadowy altar of Dithmenos.
  5746 | D:9      | Found a radiant altar of Vehumet.
  5748 | D:9      | Found an ancient bone altar of Kikubaaqudgha.
  5793 | D:9      | Received a gift from Trog
  5949 | D:9      | Reached skill level 9 in Armour
  6088 | D:10     | Entered Level 10 of the Dungeon
  6476 | D:10     | Reached skill level 10 in Armour
  6511 | D:10     | Found a staircase to the Lair.
  6557 | D:10     | Found a portal to a secret trove of treasure.
  6729 | Lair:1   | Entered Level 1 of the Lair of Beasts
  6782 | Lair:1   | Reached XP level 11. HP: 81/99 MP: 5/5
  6829 | Lair:1   | Received a gift from Trog
  6842 | Lair:1   | Reached skill level 10 in Maces & Flails
  6923 | Lair:1   | Noticed a six-headed hydra
  6932 | Lair:1   | Killed a six-headed hydra
  6932 | Lair:1   | Reached skill level 10 in Fighting
  7505 | Lair:1   | Reached skill level 11 in Armour
  8254 | Lair:2   | Received a gift from Trog
  8409 | Lair:3   | Got a sparkling amber ring
  8410 | Lair:3   | Identified the ring of Criubott {+Inv Str+2} (You found it on level 3 of the Lair of Beasts)
  8467 | Lair:3   | Found a dark tunnel.
  8475 | Volcano  | Entered a volcano
  8989 | Lair:3   | Noticed a four-headed hydra
  8997 | Lair:3   | Killed a four-headed hydra
  9154 | Lair:4   | Noticed a six-headed hydra
  9161 | Lair:4   | Killed a six-headed hydra
  9269 | Lair:4   | Reached XP level 12. HP: 110/110 MP: 7/7
  9271 | Lair:4   | Reached skill level 12 in Armour
  9323 | Lair:4   | Found a staircase to the Swamp.
  9758 | Lair:5   | Found a staircase to the Snake Pit.
  9761 | Lair:5   | Noticed Rupert
  9771 | Lair:5   | Received a gift from Trog
  9771 | Lair:5   | Reached skill level 5 in Throwing
  9775 | Lair:5   | Killed Rupert
  9950 | Lair:5   | Noticed Snorg
  9957 | Lair:5   | Killed Snorg
 10546 | Lair:6   | Noticed an eight-headed hydra
 10558 | Lair:6   | Killed a five-headed hydra
 10721 | Lair:6   | Noticed a five-headed hydra
 10727 | Lair:6   | Killed a four-headed hydra
 11041 | Lair:6   | Reached skill level 13 in Armour
 11136 | Lair:6   | Noticed an eight-headed hydra
 11146 | Lair:6   | Killed a six-headed hydra
 11509 | Lair:7   | Received a gift from Trog
 11982 | Lair:7   | Reached XP level 13. HP: 116/119 MP: 8/8
 12031 | Lair:7   | Reached skill level 10 in Axes
 12592 | Lair:7   | Received a gift from Trog
 12604 | Lair:7   | Found a staircase to the Slime Pits.
 12705 | Lair:8   | Entered Level 8 of the Lair of Beasts
 13143 | Lair:8   | Reached skill level 14 in Armour
 13775 | Lair:8   | Received a gift from Trog
 13867 | Lair:8   | Received a gift from Trog
 13912 | Lair:8   | Received a gift from Trog
 13979 | Lair:8   | Received a gift from Trog
 14024 | Lair:8   | Reached XP level 14. HP: 96/133 MP: 9/9
 14063 | Lair:8   | Received a gift from Trog
 14417 | Snake:1  | Entered Level 1 of the Snake Pit
 14689 | Swamp:1  | Entered Level 1 of the Swamp
 15003 | Swamp:2  | Noticed Nessos
 15022 | Swamp:2  | Killed Nessos
 15409 | Swamp:5  | Entered Level 5 of the Swamp
 15420 | Swamp:4  | Received a gift from Trog
 15539 | Swamp:4  | Reached skill level 15 in Armour
 15539 | Swamp:4  | Reached skill level 15 in Fighting
 16391 | Swamp:5  | Noticed a bone dragon
 16407 | Swamp:5  | Killed a bone dragon
 16767 | Swamp:5  | Got a decaying rune of Zot
 17005 | Swamp:1  | Reached skill level 15 in Axes
 17005 | Swamp:1  | Reached XP level 15. HP: 121/137 MP: 11/11
 17248 | D:11     | Got a smoking falchion
 17249 | D:11     | Identified the +4 falchion of Gloom {slice, *Rage MR++ Int+3} (You found it on level 11 of the Dungeon)
 17957 | D:11     | Identified a scroll of acquirement
 18100 | D:12     | Noticed Grum
 18140 | D:12     | Found a white marble altar of Elyvilon.
 18157 | D:12     | Killed Grum
 18200 | D:12     | Noticed Erica
 18206 | D:12     | Killed Erica
 18255 | D:12     | Found Tacvicol's Weapon Shop.
 18255 | D:12     | Found a staircase to the Orcish Mines.
 18255 | D:12     | Noticed SosiskaBagetyon's ghost (powerful MfGl)
 18266 | D:12     | Killed SosiskaBagetyon's ghost
 18266 | D:12     | Reached skill level 16 in Fighting
 18270 | D:12     | Found Ufurphong's Armour Shop.
 18299 | D:12     | Bought a +0 cloak of poison resistance for 119 gold pieces
 18611 | Orc:1    | Entered Level 1 of the Orcish Mines
 18611 | Orc:1    | Noticed Eustachio
 18628 | Orc:1    | Killed Eustachio
 18658 | Orc:1    | Received a gift from Trog
 18680 | Orc:1    | Noticed Maurice
 18689 | Orc:1    | Killed Maurice
 19136 | Orc:3    | Received a gift from Trog
 19152 | Orc:3    | Noticed Harold
 19165 | Orc:3    | Killed Harold
 19384 | Orc:3    | Found a staircase to the Elven Halls.
 19422 | Orc:3    | Received a gift from Trog
 19481 | Orc:2    | Received a gift from Trog
 19648 | Orc:4    | Entered Level 4 of the Orcish Mines
 19817 | Orc:4    | Found a radiant altar of Vehumet.
 19835 | Orc:4    | Received a gift from Trog
 20229 | Orc:4    | Found Laop's Assorted Antiques.
 20229 | Orc:4    | Found Shal's Magic Scroll Shop.
 20567 | Orc:4    | Found Athrit's Food Boutique.
 20569 | Orc:4    | Found Vuekhoiv's Antique Weapon Emporium.
 20576 | Orc:4    | Bought a scroll of identify for 52 gold pieces
 20576 | Orc:4    | Bought a scroll of blinking for 195 gold pieces
 20576 | Orc:4    | Bought a scroll of teleportation for 78 gold pieces
 20577 | Orc:4    | Bought a scroll of enchant armour for 105 gold pieces
 20577 | Orc:4    | Bought a scroll of magic mapping for 49 gold pieces
 20577 | Orc:4    | Bought a scroll of identify for 28 gold pieces
 20577 | Orc:4    | Bought a scroll of identify for 28 gold pieces
 20577 | Orc:4    | Bought 2 scrolls of teleportation for 84 gold pieces
 20577 | Orc:4    | Bought a scroll of identify for 28 gold pieces
 20577 | Orc:4    | Bought a scroll of magic mapping for 49 gold pieces
 20789 | Elf:1    | Entered Level 1 of the Elven Halls
 20794 | Elf:1    | Noticed Aizul
 20803 | Elf:1    | Received a gift from Trog
 20814 | Elf:1    | Killed Aizul
 20822 | Elf:1    | Got a crude battleaxe {god gift}
 20823 | Elf:1    | Identified the +8 battleaxe "Lubror" {chop, Noisy rN+ Str+4 Dex+5} (Trog gifted it to you on level 1 of the Elven Halls)
 21356 | Elf:1    | Noticed an Executioner
 21649 | Elf:2    | Found Somamit's Antique Weapon Emporium.
 21706 | Elf:1    | Received a gift from Trog
 21727 | Elf:1    | Reached skill level 17 in Axes
 21911 | Elf:1    | Paralysed by an orc sorcerer for 5 turns
 22186 | Elf:2    | Noticed Louise
 22204 | Elf:2    | Killed Louise
 22204 | Elf:2    | Reached XP level 16. HP: 91/150 MP: 11/11
 22234 | Elf:3    | Entered Level 3 of the Elven Halls
 22256 | Elf:3    | Found Croown's Antique Weapon Boutique.
 22405 | Elf:3    | Noticed Agnes
 22410 | Elf:3    | Killed Agnes
 22569 | Elf:3    | Noticed Mara
 22591 | Elf:3    | Noticed billydstr's illusion
 22611 | Elf:3    | Killed billydstr's illusion
 22623 | Elf:3    | Gained mutation: You are somewhat resistant to further mutation. [potion of beneficial mutation]
 22625 | Elf:3    | Killed Mara
 22934 | Elf:3    | Noticed Nikola
 22939 | Elf:3    | Reached skill level 18 in Axes
 22950 | Elf:3    | Noticed a Brimstone Fiend
 22955 | Elf:3    | Killed Nikola
 22979 | Elf:3    | HP: 6/151 [deep elf conjurer/bolt of fire (10)]
 23389 | Elf:3    | Received a gift from Trog
 23395 | Elf:3    | Noticed a deep elf master archer
 23402 | Elf:3    | Noticed a deep elf blademaster
 23423 | Elf:3    | HP: 7/226 [deep elf blademaster/rapier (9)]
 23423 | Elf:3    | Demolished by a deep elf blademaster

Action                   |  1- 3 |  4- 6 |  7- 9 | 10-12 | 13-15 | 16-18 || total
-------------------------+-------+-------+-------+-------+-------+-------++-------
Melee: Hand axe          |    67 |   197 |       |       |       |       ||   264
       Mace              |       |    17 |   318 |    42 |       |       ||   377
       Battleaxe         |       |       |     4 |       |   135 |    73 ||   212
       Flail             |       |       |       |   337 |       |       ||   337
       Quick blade       |       |       |       |     4 |       |       ||     4
       Executioner's axe |       |       |       |   156 |   931 |       ||  1087
       Great mace        |       |       |       |    14 |       |       ||    14
       Broad axe         |       |       |       |       |    11 |    31 ||    42
Throw: Tomahawk          |       |     1 |    27 |    13 |    11 |       ||    52
       Javelin           |       |       |       |       |    12 |       ||    12
Invok: Trog's Hand       |       |     5 |     5 |     1 |    13 |     6 ||    30
       Berserk           |       |     3 |     4 |     5 |     5 |     2 ||    19
       Burn Spellbooks   |       |       |     1 |     3 |       |     1 ||     5
       Brothers in Arms  |       |       |       |     5 |    12 |     6 ||    23
Evoke: Wand              |       |       |     2 |     8 |    10 |       ||    20
  Use: Scroll            |     1 |     2 |    13 |    16 |    22 |     1 ||    55
       Potion            |       |       |     2 |     4 |    12 |     8 ||    26
 Stab: Distracted        |       |       |       |     1 |     1 |       ||     2
  Eat: Beef jerky        |       |     2 |       |     2 |    10 |       ||    14
       Pizza             |       |     1 |       |     3 |     2 |     1 ||     7
       Meat ration       |       |     1 |     1 |     3 |     4 |       ||     9
       Bread ration      |       |       |     2 |       |       |     1 ||     3
       Chunk             |       |       |       |     7 |       |       ||     7
       Fruit             |       |       |       |     2 |     5 |       ||     7
